 Dungeon Crawl Stone Soup version 0.31-a0-851-g7ff8af7976 (webtiles) character file.

Game seed: 4122176870370468751

97 javelincjr the Sneak (level 4, 0/27 HPs)
             Began as an Octopode Hedge Wizard on Oct 6, 2023.
             Succumbed to a scorpion's poison
             ... on level 3 of the Dungeon.
             The game lasted 00:05:49 (2389 turns).

javelincjr the Sneak (Octopode Hedge Wizard)        Turns: 2389, Time: 00:05:49

Health: 0/27       AC:  1    Str:  9    XL:     4   Next: 68%
Magic:  4/9        EV: 13    Int: 18    God:
Gold:   67         SH:  0    Dex: 11    Spells: 4/9 levels left

rFire   . . .        a - +0 dagger
rCold   . . .        (no shield)
rNeg    . . .        b - +0 hat
rPois   .            (no amulet)
rElec   .            (no ring)
rCorr   .            (no ring)
SInv    .            (no ring)
Will    .....        (no ring)
Stlth   +++          (no ring)
HPRegen 0.24/turn    (no ring)
MPRegen 0.11/turn    (no ring)
                     (no ring)

%: no passive effects
@: lethally poisoned (0 -> -7), hasted, very quick
A: almost no armour, amphibious, 8 rings, camouflage 1, gelatinous body 1,
(nimble swimmer 1), tentacles
a: no special abilities


You were on level 3 of the Dungeon.
You visited 1 branch of the dungeon, and saw 3 of its levels.

You collected 67 gold pieces.

Inventory:

Hand Weapons
 a - a +0 dagger (weapon)
Missiles
 n - 5 javelins
Armour
 b - a +0 hat (worn)
Jewellery
 f - an amulet of faith
Scrolls
 d - a scroll of teleportation {unknown}
 i - a scroll of immolation {unknown}
 j - a scroll of torment {unknown}
 l - a scroll of identify {unknown}
 m - a scroll of amnesia {unknown}
 q - a scroll of revelation {unknown}
 r - a scroll of summoning {unknown}
Potions
 c - a potion of magic
 e - a potion of ambrosia {unknown}
 g - a potion of haste
 h - 2 potions of degeneration {unknown}
 k - 2 potions of enlightenment {unknown}
 o - 3 potions of curing {unknown}
 p - a potion of mutation {unknown}


   Skills:
 + Level 2.6 Dodging
 + Level 3.7 Stealth
 + Level 3.3 Spellcasting
 + Level 1.9 Conjurations
 + Level 1.9 Summonings
 + Level 1.8 Translocations


You had 4 spell levels left.
You knew the following spells:

 Your Spells              Type           Power      Damage    Failure   Level
a - Magic Dart            Conj           36%        1d4       7%          1
b - Call Imp              Summ           18%        N/A       11%         2
c - Blink                 Tloc           18%        N/A       11%         2

Your spell library contained the following spells:

 Spells                   Type           Power      Damage    Failure   Level
 Apportation              Tloc           18%        N/A       8%          1
 Slow                     Hex            12%        N/A       16%         1
 Cigotuvi's Dreadful Rot  Necr/Pois/Air  6%         N/A       24%         2
 Ensorcelled Hibernation  Hex/Ice        6%         N/A       24%         2
 Jinxbite                 Hex            6%         N/A       24%         2
 Mephitic Cloud           Conj/Pois/Air  5%         N/A       36%         3
 Manifold Assault         Tloc           9%         N/A       58%         4
 Anguish                  Hex/Necr       1%         N/A       83%         4
 Alistair's Intoxication  Tmut/Pois      2%         N/A       99%         5


Dungeon Overview and Level Annotations

Branches:
Dungeon (3/15)

Altars:


Innate Abilities, Weirdness & Mutations

You cannot wear most types of armour.
You are amphibious.
You can wear up to eight rings at the same time.
Your skin changes colour to match your surroundings (Stealth+).
Your rubbery body absorbs attacks. (AC +1, EV +1)
((You are camouflaged when in or above water. (Stealth+)))
You have tentacles for arms and can constrict up to eight enemies at once.


Message History

The scorpion is moderately wounded.
The scorpion stings you!
Your cerulean imp hits the scorpion but does no damage.
You barely miss the scorpion. You grab the scorpion.
The scorpion is moderately wounded.
You constrict the scorpion, but do no damage.
The scorpion closely misses you.
Your cerulean imp hits the scorpion but does no damage.
You hit the scorpion but do no damage. You squeeze the scorpion.
The scorpion is moderately wounded.
You constrict the scorpion, but do no damage.
The scorpion stings you.
Your cerulean imp hits the scorpion from afar with a -4 spear.
You hit the scorpion but do no damage. You squeeze the scorpion.
The scorpion is severely wounded.
You constrict the scorpion, but do no damage.
The scorpion stings you.
Your cerulean imp hits the scorpion but does no damage.
You are too injured to fight recklessly!
You hit the scorpion but do no damage.
You squeeze the scorpion, but do no damage.
The scorpion is severely wounded.
You constrict the scorpion, but do no damage.
The scorpion stings you.
* * * LOW HITPOINT WARNING * * *
Your cerulean imp hits the scorpion but does no damage.
The scorpion stings you.
* * * LOW HITPOINT WARNING * * *
You are lethally poisoned!
The scorpion poisons you!
You hit the scorpion but do no damage.
The scorpion is severely wounded.
You constrict the scorpion.
* * * LOW HITPOINT WARNING * * *
You feel sick. The scorpion stings you.
* * * LOW HITPOINT WARNING * * *
Your cerulean imp hits the scorpion but does no damage.
It was a potion of haste.
You feel yourself speed up.
You constrict the scorpion.
You die...

###'## #...# ##...##
#...# #.....## ###...#
.....<.# ##.##.##
........####...#.#######
........+......†.<......
........####..5#.#######
.....[.## ##.##.#
#.....## ####@## ##...##
#.s.# ##+## #...# #5..#
#.### #. #. #. #.


You could see a scorpion (ally target) and a friendly cerulean imp (summoned).

Vanquished Creatures
  2 adders
  2 worms (D:2)
  A dart slug (D:1)
  A ball python (D:1)
  3 endoplasms
  A giant cockroach (D:1)
  4 goblins
  6 hobgoblins
  A kobold (D:1)
  2 quokkas
  5 bats
  2 frilled lizards (D:1)
  2 rats
32 creatures vanquished.

Vanquished Creatures (collateral kills)
  Jessica (D:2)
  An adder (D:2)
  An endoplasm (D:2)
  A hobgoblin (D:2)
4 creatures vanquished.

Grand Total: 36 creatures vanquished

Notes
Turn   | Place    | Note
-------+----------+-------------------------------------------
     0 | D:1      | javelincjr the Octopode Hedge Wizard began the quest for
                  | the Orb.
     0 | D:1      | Reached XP level 1. HP: 11/11 MP: 4/4
   175 | D:1      | Reached XP level 2. HP: 17/17 MP: 4/6
  1164 | D:1      | Learned a level 2 spell: Call Imp
  1167 | D:1      | Learned a level 2 spell: Blink
  1189 | D:2      | Reached XP level 3. HP: 15/21 MP: 4/7
  1713 | D:2      | Reached XP level 4. HP: 19/27 MP: 5/8
  1811 | D:2      | Noticed Jessica
  1818 | D:2      | Killed Jessica
  2376 | D:3      | Noticed a scorpion
  2389 | D:3      | Succumbed to a scorpion's poison

Illustrated notes

Levels and vault maps discovered:
D:1:      saegor_arrival_simple_a, layout_basic
D:2:      layout_rooms, serial_corexii_hall, corexii_hall_statues_x,
          corexii_hall_statues_x, hangedman_abyss_or_decor_stabs, uniq_jessica
D:3:      layout_loops_corners, nicolae_half_adder

Skill      XL: |  1  2 |
---------------+-------+-----
Stealth        | 3 |  3.7
Dodging        | |  2.6
Spellcasting   | |  3.3
Conjurations   | |  1.9
Summonings     | |  1.9
Translocations | |  1.8

Action                     |  1- 3 |  4- 6 || total
---------------------------+-------+-------++-------
  Melee: Dagger            |    37 |    20 ||    57
         Constrict         |     6 |     4 ||    10
         Tentacles         |     6 |     7 ||    13
   Cast: Magic Dart        |    61 |     6 ||    67
         Call Imp          |     6 |     6 ||    12
    Use: Potion            |       |     1 ||     1
   Stab: Sleeping          |     1 |       ||     1
 Armour: Skin              |    18 |    10 ||    28
  Dodge: Dodged            |    22 |     9 ||    31

Table legend: (Time is in decaauts)
 A = Elapsed time spent in this place.
 B = Non-inter-level travel time spent in this place.
 C = Inter-level travel time spent in this place.
 D = Time resting spent in this place.
 E = Time spent auto-exploring this place.
 F = Levels seen in this place.
 G = Mean time per level.
                   A        B        C        D        E       F      G
               +--------+--------+--------+--------+--------+-----+--------+
         Total |   2389 |   2326 |     63 |     17 |   2023 |   3 |  796.3 |
       Dungeon |   2389 |   2326 |     63 |     17 |   2023 |   3 |  796.3 |
               +--------+--------+--------+--------+--------+-----+--------+

Top non-repeatable levels by time:
     D:1: 1179 daAuts
     D:2: 1018 daAuts
     D:3: 191 daAuts
